[Event "Titled Tuesday Blitz January 31 Late 2023"]
[White "Lucassen, Mickey"]
[Black "Zochowski, Kacper"]
[WhiteFideId "12919110"]
[BlackFideId "1125494"]
[WhiteElo "2023"]
[BlackElo "2262"]
[Result "1-0"]
[Round "06"]
[TimeControl "180+2"]
[Date "2023.01.31"]
[WhiteClock "0:00:12"]
[BlackClock "0:00:03"]

1. d4 d6 2. Nf3 Nf6 3. g3 Nbd7 4. Bg2 e5 5. O-O Be7 6. c4 O-O 7. dxe5 dxe5 8. Nc3 c6 9. b3 Qc7 10. Bb2 Re8 11. Qc2 Bf8 12. e3 Nc5 13. Rad1 Bg4 14. h3 Bh5 15. e4 Ne6 16. Na4 Bxf3 17. Bxf3 Rad8 18. Rxd8 Rxd8 19. Rd1 Nd4 20. Bxd4 exd4 21. Nb2 c5 22. Nd3 b6 23. Nf4 Bd6 24. Nd5 Nxd5 25. exd5 Re8 26. Be4 g6 27. Kg2 f5 28. Bd3 f4 29. g4 f3+ 30. Kxf3 Bg3 31. Kg2 Bh4 32. Bxg6 Rf8 33. Bf5 h5 34. Re1 Qf4 35. Re4 Qg5 36. f4 Qg7 37. Re6 d3 38. Qxd3 Qb2+ 39. Re2 Qg7 40. d6 hxg4 41. hxg4 Bf6 42. d7 Bd4 43. Re6 Bf6 44. Qd5 Kh8 45. Re8 Bd8 46. Rxf8+ Qxf8 47. Qe6 Qg7 48. Qe8+ Qg8 49. Be6 1-0


[Site "https://www.chess.com"]

[Event "Titled Tuesday Blitz January 31 Late 2023"]
[White "Kostiukov, Alexandr"]
[Black "Jimenez Almeida, Luis David"]
[WhiteFideId "14108100"]
[BlackFideId "22242244"]
[WhiteElo "2271"]
[BlackElo "2242"]
[Result "1-0"]
[Round "06"]
[TimeControl "180+2"]
[Date "2023.01.31"]
[WhiteClock "0:00:42"]
[BlackClock "0:00:12"]

1. g3 g6 2. Bg2 Bg7 3. Nf3 f5 4. d4 Nf6 5. c4 O-O 6. O-O d6 7. Nc3 Nc6 8. d5 Ne5 9. Nxe5 dxe5 10. c5 h6 11. Qb3 Kh8 12. Rd1 g5 13. a4 e4 14. Qc4 Ng4 15. f3 Ne5 16. Qb3 exf3 17. exf3 f4 18. g4 h5 19. h3 a6 20. Ne4 e6 21. d6 Nc6 22. Qc4 cxd6 23. Rxd6 Qe7 24. Ra3 Ne5 25. Qc2 Bd7 26. b4 Bc6 27. gxh5 Rad8 28. Rxd8 Rxd8 29. Nd6 Nf7 30. Nxf7+ Qxf7 31. Bb2 Qxh5 32. Bxg7+ Kxg7 33. Rd3 Qg6 34. Qc3+ Kf7 35. Rxd8 Qb1+ 36. Kh2 Qe1 37. Qxe1 1-0


[Site "https://www.chess.com"]

[Event "Titled Tuesday Blitz January 31 Late 2023"]
[White "Fernandez Siles, Luis"]
[Black "Jeet, Jain"]
[WhiteFideId "2209420"]
[BlackFideId "5073022"]
[WhiteElo "2218"]
[BlackElo "2199"]
[Result "0-1"]
[Round "06"]
[TimeControl "180+2"]
[Date "2023.01.31"]
[WhiteClock "0:00:26"]
[BlackClock "0:01:36"]

1. d4 Nf6 2. c4 c5 3. d5 e6 4. Nf3 exd5 5. cxd5 d6 6. Nc3 g6 7. h3 Bg7 8. e4 O-O 9. Bd3 Re8 10. O-O Na6 11. Re1 Nc7 12. a4 b6 13. Bf4 a6 14. Qb3 Rb8 15. Rad1 b5 16. axb5 axb5 17. Bb1 b4 18. Na4 Ba6 19. e5 dxe5 20. Bxe5 Nfxd5 21. Nxc5 Bxe5 22. Nxe5 Bb5 23. Ng4 Rxe1+ 24. Rxe1 Qd6 25. Ne4 Qb6 26. Qf3 f5 27. Nh6+ Kg7 28. Qf4 Nxf4 0-1


[Site "https://www.chess.com"]

[Event "Titled Tuesday Blitz January 31 Late 2023"]
[White "Carbone, Diego"]
[Black "Gomes, Luiz Alexandre de Souza"]
[WhiteFideId "3002179"]
[BlackFideId "2102790"]
[WhiteElo "2336"]
[BlackElo "2254"]
[Result "1-0"]
[Round "06"]
[TimeControl "180+2"]
[Date "2023.01.31"]
[WhiteClock "0:01:29"]
[BlackClock "0:02:21"]

1. d4 d5 2. c4 e6 3. Nf3 Nf6 4. g3 b6 5. Bg2 Bb7 6. O-O dxc4 7. Qa4+ Nbd7 8. Nc3 Be7 9. Ne5 Bxg2 10. Kxg2 O-O 11. Nc6 Qe8 12. Qxc4 Bd6 13. a4 a6 14. e4 e5 15. d5 h6 16. Be3 Ng4 17. Bd2 f5 18. exf5 Qh5 19. h3 Ngf6 20. g4 Qh4 21. Qe2 Rae8 22. f3 Nc5 23. Be1 Qg5 24. h4 Qf4 25. Bg3 Qb4 26. Nxb4 1-0


[Site "https://www.chess.com"]

[Event "Titled Tuesday Blitz January 31 Late 2023"]
[White "EdmundPlayer"]
[Black "Matko, Ognjen"]
[BlackFideId "14509717"]
[WhiteElo "2313"]
[BlackElo "2295"]
[Result "0-1"]
[Round "06"]
[TimeControl "180+2"]
[Date "2023.01.31"]
[WhiteClock "0:00:07"]
[BlackClock "0:00:39"]

1. e4 e5 2. Nf3 Nc6 3. Bb5 a6 4. Ba4 Nf6 5. O-O Be7 6. Re1 b5 7. Bb3 d6 8. a3 O-O 9. d3 Bg4 10. c3 Na5 11. Ba2 c5 12. Nbd2 Rc8 13. b4 Nc6 14. Nf1 cxb4 15. axb4 Nb8 16. Bb2 Nbd7 17. Bb3 Qb6 18. Ne3 Bh5 19. Nf5 Rfe8 20. h3 Bf8 21. g4 Bg6 22. N3h4 d5 23. exd5 e4 24. g5 Nh5 25. dxe4 Ne5 26. Re3 Nc4 27. Bxc4 Rxc4 28. Qd3 Nf4 29. Qc2 Bxb4 30. Rae1 Bc5 31. Rf3 Nxd5 32. Nxg6 hxg6 33. Nd4 Bxd4 34. exd5 Rxe1+ 35. Kg2 Re7 36. Qd3 Bc5 37. Rg3 Qd6 38. Rg4 Rxg4+ 39. hxg4 Qf4 40. c4 Qxf2+ 41. Kh3 Re3+ 42. Qxe3 Qxe3+ 43. Kh4 Qg1 44. Bxg7 Bf2+ 45. Kh3 Qg3# 0-1


[Site "https://www.chess.com"]

[Event "Titled Tuesday Blitz January 31 Late 2023"]
[White "Zampronha, Wladimir Camilo"]
[Black "Papayan, Oleg"]
[WhiteFideId "2103087"]
[BlackFideId "4193911"]
[WhiteElo "2176"]
[BlackElo "2253"]
[Result "0-1"]
[Round "06"]
[TimeControl "180+2"]
[Date "2023.01.31"]
[WhiteClock "0:00:35"]
[BlackClock "0:00:08"]

1. e4 d5 2. exd5 Qxd5 3. d4 Qd8 4. c4 c6 5. Nc3 Bf5 6. Nf3 e6 7. Bd3 Bxd3 8. Qxd3 Nd7 9. O-O Ngf6 10. d5 Nb6 11. Bg5 cxd5 12. cxd5 Nbxd5 13. Bxf6 Nxf6 14. Qe2 Be7 15. Rfd1 Qa5 16. Qb5+ Qxb5 17. Nxb5 O-O 18. Ne5 a6 19. Nc3 Rfd8 20. Kf1 Bb4 21. Na4 b5 22. Rxd8+ Rxd8 23. Nc6 Rd2 24. Nxb4 bxa4 25. b3 Ng4 26. bxa4 Rxf2+ 27. Kg1 Rf4 28. Rb1 g5 29. a5 Ne3 30. Nxa6 Ra4 31. Nc5 Rxa5 32. Ne4 Rxa2 33. Nxg5 Rxg2+ 34. Kh1 Rxg5 35. Rg1 Rxg1+ 36. Kxg1 f5 37. Kf2 Nd5 38. Kf3 Kf7 39. Ke2 Kf6 40. Kf3 e5 41. Ke2 e4 0-1


[Site "https://www.chess.com"]

[Event "Titled Tuesday Blitz January 31 Late 2023"]
[White "Olsson, William"]
[Black "Kochetov, Andrey"]
[WhiteFideId "1741721"]
[BlackFideId "24130532"]
[WhiteElo "2355"]
[BlackElo "2165"]
[Result "0-1"]
[Round "06"]
[TimeControl "180+2"]
[Date "2023.01.31"]
[WhiteClock "0:00:02"]
[BlackClock "0:00:05"]

1. c4 Nf6 2. g3 e6 3. Bg2 d5 4. Nf3 Be7 5. O-O O-O 6. b3 b6 7. Bb2 Bb7 8. d4 dxc4 9. bxc4 c5 10. e3 Nbd7 11. Nbd2 Rc8 12. Qe2 Rc7 13. Rfd1 Qa8 14. Nh4 Rd8 15. Bxb7 Qxb7 16. Nhf3 Ne4 17. Nxe4 Qxe4 18. Nd2 Qb7 19. Nb3 cxd4 20. exd4 Nf6 21. c5 bxc5 22. dxc5 Nd5 23. Be5 Rcc8 24. Rac1 Qb4 25. c6 Qa4 26. Rd4 Qa3 27. Rdc4 Bf6 28. c7 Rd7 29. Nc5 Rdxc7 30. Bxc7 Rxc7 31. Nxe6 Qxc1+ 32. Rxc1 Rxc1+ 33. Kg2 Nc3 34. Qb2 Rb1 35. Qa3 fxe6 36. Qxa7 Rb2 37. a4 Ra2 38. Qb8+ Kf7 39. Qb7+ Kg6 40. h4 Rxa4 41. Kh3 Ra5 42. g4 h5 43. gxh5+ Rxh5 44. Qc8 Rxh4+ 45. Kg3 Ne4+ 46. Kg2 Rf4 47. f3 Ng5 48. Qc2+ Rf5 49. f4 Nf7 50. Qe4 Nd6 51. Qxe6 Nb5 52. Qe8+ Kh6 53. Kg3 Nd4 54. Kg4 Ne2 55. Qxe2 Rh5 56. Qe8 g6 57. Qf8+ Bg7 58. Qg8 Rf5 59. Qe8 Rh5 60. Qe6 Ra5 61. Qc6 Rh5 62. Qb6 Rh2 63. f5 Rg2+ 64. Kf3 Rg5 65. f6 Rf5+ 66. Kg4 Rxf6 67. Qe3+ Kh7 0-1


[Site "https://www.chess.com"]

[Event "Titled Tuesday Blitz January 31 Late 2023"]
[White "Travadon, Loic"]
[Black "Antonio, Jorge Carlos"]
[WhiteFideId "26092131"]
[BlackFideId "113190"]
[WhiteElo "2461"]
[BlackElo "2277"]
[Result "0-1"]
[Round "06"]
[TimeControl "180+2"]
[Date "2023.01.31"]
[WhiteClock "0:01:44"]
[BlackClock "0:02:17"]

1. e4 e5 2. Nf3 Nc6 3. Bc4 Bc5 4. O-O d6 5. c3 Nf6 6. d4 Bb6 7. h3 O-O 8. Re1 Re8 9. Bg5 h6 10. Bh4 exd4 11. cxd4 g5 12. Bg3 Nxe4 13. Nc3 Nxg3 14. fxg3 Rxe1+ 15. Qxe1 Nxd4 16. Qe4 Nxf3+ 0-1


[Site "https://www.chess.com"]

[Event "Titled Tuesday Blitz January 31 Late 2023"]
[White "Gasparyan, David"]
[Black "ritanovikova"]
[WhiteFideId "13311980"]
[WhiteElo "2142"]
[BlackElo "2217"]
[Result "1-0"]
[Round "06"]
[TimeControl "180+2"]
[Date "2023.01.31"]
[WhiteClock "0:00:27"]
[BlackClock "0:00:09"]

1. e4 d5 2. exd5 Qxd5 3. c4 Qd6 4. Be2 Nf6 5. Nc3 a6 6. Nf3 Nc6 7. O-O Bg4 8. d4 e6 9. d5 Bxf3 10. Bxf3 Ne5 11. dxe6 Qxd1 12. Bxd1 fxe6 13. Re1 Nxc4 14. Bf3 O-O-O 15. Rxe6 Bd6 16. Bg5 Rde8 17. Rae1 Rxe6 18. Rxe6 Re8 19. Rxe8+ Nxe8 20. b3 Ne5 21. Be4 h6 22. Bf5+ Nd7 23. Be3 Kd8 24. g3 Nef6 25. Kg2 Bc5 26. Bf4 g5 27. Bc1 Bd4 28. Ne2 Bc5 29. h4 gxh4 30. gxh4 h5 31. Ng3 Be7 32. Bg6 Nd5 33. Nf5 Bxh4 34. Nxh4 Nc3 35. Bg5+ Kc8 36. Bf5 Nxa2 37. Ng6 b5 38. Nf8 a5 39. Bxd7+ Kb7 40. Bxb5 c6 41. Bd3 Nb4 42. Bc4 Nc2 43. Nd7 Kc7 44. Nf6 Kd6 45. Nxh5 Kc5 46. Be7+ Kd4 47. Kg3 a4 48. Bg8 a3 49. Bh7 Ne1 50. Bxa3 Kc3 51. Bg8 c5 52. Bxc5 Nd3 53. Be3 Ne5 54. f4 Nc4 55. bxc4 1-0


[Site "https://www.chess.com"]

[Event "Titled Tuesday Blitz January 31 Late 2023"]
[White "Slater-Jones, Henry"]
[Black "Drnovsek, Gal"]
[WhiteFideId "3222101"]
[BlackFideId "14607077"]
[WhiteElo "1826"]
[BlackElo "2397"]
[Result "1-0"]
[Round "06"]
[TimeControl "180+2"]
[Date "2023.01.31"]
[WhiteClock "0:00:19"]
[BlackClock "0:00:16"]

1. d4 Nf6 2. c4 Nc6 3. Nc3 e5 4. dxe5 Nxe5 5. e3 Bb4 6. Bd2 a5 7. Be2 O-O 8. Nf3 Ng6 9. O-O Re8 10. a3 Bf8 11. Nd5 c6 12. Nxf6+ Qxf6 13. Bc3 Qe7 14. b4 axb4 15. axb4 Rxa1 16. Qxa1 d6 17. Rd1 Bg4 18. h3 Bd7 19. Qa7 Bc8 20. b5 h6 21. Bb4 Qe4 22. Bxd6 Qc2 23. Kf1 Bxd6 24. Rxd6 Nf4 25. Rd2 Qc1+ 26. Rd1 Qb2 27. Rd2 Qb1+ 28. Rd1 Qe4 29. Qd4 Nxe2 30. Qxe4 Rxe4 31. Kxe2 Be6 32. Nd2 Re5 33. bxc6 bxc6 34. Rb1 Ra5 35. Rb2 c5 36. Rc2 Ra3 37. f3 g5 38. e4 Kg7 39. Nf1 Kf6 40. Ne3 Ke5 41. Nd5 Kd4 42. g4 Bc8 43. Rd2+ Ke5 44. Nb6 Ba6 45. Rd5+ Kf4 46. Rxc5 Re3+ 47. Kd2 Ra3 48. Rf5+ Kg3 49. Rxf7 Kxh3 50. Rf6 Kg3 51. Nd5 Rb3 52. Rxh6 Bxc4 53. Ne3 Bf7 54. Rf6 Be8 55. Nd5 Rxf3 56. Rxf3+ Kxf3 57. e5 Ke4 58. Nf6+ Kxe5 59. Nxe8 Ke6 60. Ke2 Ke5 61. Kf3 Ke6 62. Nc7+ Ke7 63. Na6 Kf7 64. Nb4 Kg6 65. Nc2 Kg7 66. Ne3 Kg6 67. Nf5 Kf6 68. Ke4 Kg6 69. Ne3 Kh7 70. Kf5 Kh6 71. Kf6 Kh7 72. Kxg5 Kg7 73. Nf5+ Kg8 74. Kh5 1-0


[Site "https://www.chess.com"]

[Event "Titled Tuesday Blitz January 31 Late 2023"]
[White "Vovk, Orest"]
[Black "Acosta Cruz, Oscar Yosimar"]
[WhiteFideId "14113490"]
[BlackFideId "5111269"]
[WhiteElo "2315"]
[BlackElo "2098"]
[Result "1-0"]
[Round "06"]
[TimeControl "180+2"]
[Date "2023.01.31"]
[WhiteClock "0:02:29"]
[BlackClock "0:02:17"]

1. h3 c5 2. g4 Nc6 3. Bg2 d6 4. Nc3 a6 5. Nf3 e6 6. d4 cxd4 7. Nxd4 Nxd4 8. Qxd4 Qc7 9. Be3 Nf6 10. O-O-O Rb8 11. Qb6 Qxb6 12. Bxb6 d5 13. e4 dxe4 14. Rd8+ Ke7 15. Rhd1 Nd7 16. R1xd7+ Bxd7 17. Rxb8 Bc6 18. Bc5+ 1-0


[Site "https://www.chess.com"]

[Event "Titled Tuesday Blitz January 31 Late 2023"]
[White "Roux, Baptiste"]
[Black "Mazurkiewicz, Michal"]
[WhiteFideId "36017450"]
[BlackFideId "1124943"]
[WhiteElo "2300"]
[BlackElo "2145"]
[Result "0-1"]
[Round "06"]
[TimeControl "180+2"]
[Date "2023.01.31"]
[WhiteClock "0:00:21"]
[BlackClock "0:00:09"]

1. d4 Nf6 2. c4 e5 3. dxe5 Ng4 4. Nf3 Bc5 5. e3 Nc6 6. Nc3 O-O 7. Bd3 Ngxe5 8. Nxe5 Nxe5 9. Bxh7+ Kxh7 10. Qh5+ Kg8 11. Qxe5 d6 12. Qh5 Re8 13. Bd2 Re5 14. Qe2 c6 15. h4 a5 16. Na4 Bb4 17. Bc3 b5 18. a3 Bxc3+ 19. Nxc3 Ba6 20. cxb5 cxb5 21. b4 Qf6 22. Rc1 axb4 23. axb4 Bb7 24. Nxb5 Ba6 25. Qf3 Qxf3 26. gxf3 Bxb5 27. Rd1 Ra2 28. Rxd6 Re2+ 29. Kd1 Rxf2 30. e4 Rxf3 31. Re1 Rf2 32. Rd5 Ba4+ 33. Kc1 Re7 34. e5 Rb7 35. Re4 Bc6 36. Rd8+ Kh7 37. Rc4 Bb5 38. Rcd4 Ra7 39. Rd2 Rf1+ 40. Kb2 Rfa1 41. Kc3 R7a3+ 42. Kd4 Rb1 43. Kc5 Bf1 44. Rc2 Re3 45. Kd4 Rbe1 46. Rf8 Re4+ 47. Kd5 Rxe5+ 48. Kd6 Rf5 49. h5 Rd1+ 50. Ke7 Rf6 51. Rcc8 Re1+ 52. Kd7 Bh3+ 53. Kd8 Bxc8 54. Kxc8 Kh6 55. Rh8+ Kg5 56. Rh7 Rc6+ 57. Kd7 Rf6 58. Rxg7+ Kh6 59. Rg4 Kxh5 60. Rc4 Rd1+ 61. Ke7 Rdf1 62. b5 Re6+ 63. Kd7 Rff6 64. Rc5+ Kg6 65. Rc4 Rf5 66. Rb4 Ree5 67. b6 Rb5 68. Rxb5 Rxb5 69. Kc6 Rxb6+ 70. Kxb6 f5 71. Kc5 Kg5 72. Kd4 Kg4 73. Ke3 Kg3 74. Ke2 f4 75. Ke1 Kg2 76. Ke2 f3+ 0-1


[Site "https://www.chess.com"]

[Event "Titled Tuesday Blitz January 31 Late 2023"]
[White "Smith, Garrett L"]
[Black "Aarav Dengla"]
[WhiteFideId "2024829"]
[BlackFideId "45059756"]
[WhiteElo "2047"]
[BlackElo "2343"]
[Result "1-0"]
[Round "06"]
[TimeControl "180+2"]
[Date "2023.01.31"]
[WhiteClock "0:00:17"]
[BlackClock "0:00:10"]

1. e4 c5 2. a3 d6 3. b4 cxb4 4. axb4 Nf6 5. Nc3 e6 6. Nf3 Be7 7. d4 O-O 8. Bd3 d5 9. e5 Bxb4 10. Bd2 Bxc3 11. Bxc3 Nfd7 12. h4 f5 13. Ng5 Qe7 14. Qh5 h6 15. Qg6 hxg5 16. hxg5 Nc6 17. Kd2 Qe8 18. Qh7+ Kf7 19. Bb5 Rg8 20. Bxc6 bxc6 21. Bb4 Nf8 22. g6+ Nxg6 23. Rh6 Nf8 24. Rf6# 1-0


[Site "https://www.chess.com"]

[Event "Titled Tuesday Blitz January 31 Late 2023"]
[White "Gerbelli Neto, Eduardo"]
[Black "Haszon, David"]
[WhiteFideId "2103281"]
[BlackFideId "733610"]
[WhiteElo "2114"]
[BlackElo "2264"]
[Result "0-1"]
[Round "06"]
[TimeControl "180+2"]
[Date "2023.01.31"]
[WhiteClock "0:00:08"]
[BlackClock "0:00:21"]

1. e4 c6 2. d4 d5 3. exd5 cxd5 4. c4 Nf6 5. Nc3 e6 6. Nf3 a6 7. c5 b6 8. b4 a5 9. Bb5+ Bd7 10. Bxd7+ Qxd7 11. Ne5 Qc7 12. Nb5 Qb7 13. Qa4 Nfd7 14. c6 Nxc6 15. Nd6+ Bxd6 16. Nxc6 b5 17. Qc2 Rc8 18. Nxa5 Rxc2 19. Nxb7 Bxb4+ 20. Kf1 Rc7 21. Rb1 Rxb7 22. Rxb4 O-O 23. Be3 Ra8 24. Rb2 Nb6 25. Rxb5 Rxa2 26. g3 Ra6 27. Kg2 Rc7 28. Rhb1 Rc6 29. Rc5 Nd7 30. Rb7 Nf8 31. Rb8 f6 32. Rcb5 Ra7 33. Re8 Kf7 34. Rbb8 Nd7 35. Rbd8 Rcc7 36. Rh8 h6 37. h4 Kg6 38. g4 Kf7 39. h5 e5 40. dxe5 Nxe5 41. Bxa7 Rxa7 42. Rhf8+ Ke7 43. Rfe8+ Kf7 44. f3 Nc6 45. Rf8+ Ke7 46. Rde8+ Kd6 47. Rc8 Ne7 48. Rcd8+ Ke6 49. Rfe8 Kf7 50. Rh8 Ke6 51. Rhe8 Kf7 52. Rh8 f5 53. gxf5 Nxf5 54. Rxd5 Ne3+ 55. Kg3 Nxd5 56. Rd8 Nf6 57. Kh4 Ra5 58. Rd4 Rxh5+ 59. Kg3 Rg5+ 60. Kf2 Rd5 61. Rc4 h5 62. Rc7+ Kg6 63. Rc6 h4 64. Kg2 Rh5 65. Kh3 Kh6 66. Rd6 Kg6 67. Rb6 Kf5 68. Rb5+ Kf4 69. Rxh5 Nxh5 70. Kxh4 Nf6 71. Kh3 g5 72. Kg2 Nd5 73. Kf2 Ne3 74. Ke2 Nf5 75. Kf2 Nh4 76. Ke2 Nxf3 77. Kf2 g4 78. Kg2 Ng5 79. Kf2 g3+ 80. Kg2 Kg4 81. Kg1 Kh4 82. Kg2 Nf7 83. Kh1 Kh3 84. Kg1 g2 85. Kf2 Kh2 86. Kf3 g1=Q 87. Ke2 Nd6 0-1


[Site "https://www.chess.com"]

[Event "Titled Tuesday Blitz January 31 Late 2023"]
[White "Szyszylo, Rafal"]
[Black "Baches Garcia, Guillermo"]
[WhiteFideId "1109626"]
[BlackFideId "2209764"]
[WhiteElo "2091"]
[BlackElo "2327"]
[Result "0-1"]
[Round "06"]
[TimeControl "180+2"]
[Date "2023.01.31"]
[WhiteClock "0:00:07"]
[BlackClock "0:00:16"]

1. e4 c5 2. Nf3 d6 3. d4 cxd4 4. Nxd4 Nf6 5. Nc3 Nc6 6. Bc4 Bd7 7. Be3 Ng4 8. Nxc6 bxc6 9. Bd2 g6 10. Bb3 Bg7 11. O-O O-O 12. h3 Nf6 13. f4 Qc7 14. Qe2 e5 15. fxe5 dxe5 16. Bg5 Nh5 17. Kh2 Nf4 18. Qe3 Be6 19. Bxe6 Nxe6 20. Bf6 Nf4 21. Bxg7 Kxg7 22. g3 Ne6 23. Rf2 Rad8 24. Raf1 f6 25. Na4 Qe7 26. c3 Rf7 27. b3 h5 28. h4 Qf8 29. Rd2 Rfd7 30. Rfd1 Qe7 31. b4 Rxd2+ 32. Rxd2 Rxd2+ 33. Qxd2 Kf7 34. Qe3 Qd7 35. Nb2 Kg7 36. Kg2 Nd8 37. Nc4 Nf7 38. Qd2 Qg4 39. Qd3 Qe6 40. Ne3 Qxa2+ 41. Kf3 Qe6 42. Nc4 Qg4+ 43. Kf2 Qe6 44. Na5 f5 45. Ke3 f4+ 46. gxf4 exf4+ 47. Kxf4 Qg4+ 48. Ke3 Qxh4 49. Qd4+ Kg8 50. Qxa7 Qg3+ 51. Kd2 Qf4+ 52. Kd3 Qf3+ 53. Kd4 Qf2+ 0-1


[Site "https://www.chess.com"]

[Event "Titled Tuesday Blitz January 31 Late 2023"]
[White "Poeta, Caio Medeiros"]
[Black "Urbina Quiroz, Edwin"]
[WhiteFideId "2142660"]
[BlackFideId "6500650"]
[WhiteElo "2088"]
[BlackElo "2129"]
[Result "0-1"]
[Round "06"]
[TimeControl "180+2"]
[Date "2023.01.31"]
[WhiteClock "0:01:03"]
[BlackClock "0:00:19"]

1. d4 d5 2. c4 e6 3. Nf3 Nf6 4. g3 Be7 5. Bg2 O-O 6. O-O dxc4 7. Qc2 a6 8. a4 Bd7 9. Rd1 Bc6 10. Nc3 a5 11. e4 Na6 12. Ne5 Nb4 13. Qe2 Qe8 14. Nxc4 b6 15. Bg5 h6 16. Be3 Rd8 17. Rac1 Ba8 18. f4 Nd7 19. e5 Bxg2 20. Kxg2 Nd5 21. Nxd5 exd5 22. Nd2 c5 23. f5 cxd4 24. Bxd4 Nc5 25. Qg4 f6 26. Re1 Qxa4 27. exf6 Bxf6 28. Nf3 Nd3 29. Rcd1 Nxe1+ 30. Rxe1 Rde8 31. Rc1 Re4 32. Qg6 Rxd4 33. Rc7 Rc4 34. Rd7 Qc2+ 35. Kh3 Rc7 36. Rd6 Qc5 37. Re6 d4 38. Nd2 Bg5 39. Ne4 Qxf5+ 40. Qxf5 Rxf5 41. g4 Rd5 42. Re8+ Kh7 43. Rc8 Rxc8 0-1


[Site "https://www.chess.com"]

[Event "Titled Tuesday Blitz January 31 Late 2023"]
[White "Tinmaz, Kerem"]
[Black "Villarreal, Agustin"]
[WhiteFideId "44559151"]
[BlackFideId "125687"]
[WhiteElo "2177"]
[BlackElo "2299"]
[Result "0-1"]
[Round "06"]
[TimeControl "180+2"]
[Date "2023.01.31"]
[WhiteClock "0:00:22"]
[BlackClock "0:01:40"]

1. e4 e5 2. Nf3 Nc6 3. Bb5 a6 4. Bxc6 dxc6 5. O-O Qf6 6. d4 exd4 7. Qxd4 Qxd4 8. Nxd4 Bd7 9. Be3 O-O-O 10. Nc3 Bb4 11. Rad1 Bxc3 12. bxc3 Ne7 13. f3 Rhe8 14. Kf2 h6 15. Rd2 f5 16. e5 Nd5 17. f4 g5 18. g3 gxf4 19. Bxf4 Nxc3 20. Rd3 Ne4+ 21. Kg1 c5 22. Nf3 Bb5 23. Rxd8+ Rxd8 24. Re1 h5 25. h3 Bc6 26. Nh4 Bd7 27. g4 hxg4 28. hxg4 Rg8 29. g5 Nxg5 30. Bxg5 Rxg5+ 31. Kf2 Be6 32. Nf3 Rh5 33. Rg1 Bd5 34. Ng5 Rh2+ 35. Ke3 Rxc2 36. Rf1 Rc3+ 37. Kf4 Bxa2 38. Kxf5 a5 39. e6 Bxe6+ 40. Nxe6 b6 41. Rd1 a4 42. Rd8+ Kb7 43. Rd7 a3 44. Rxc7+ Ka6 45. Rc8 Kb7 46. Rc7+ Kb8 47. Rc6 a2 48. Rxb6+ Ka7 0-1


[Site "https://www.chess.com"]

[Event "Titled Tuesday Blitz January 31 Late 2023"]
[White "Good, Daniel"]
[Black "Melikhov, Evgeny V."]
[WhiteFideId "1302388"]
[BlackFideId "4122046"]
[WhiteElo "2141"]
[BlackElo "2269"]
[Result "0-1"]
[Round "06"]
[TimeControl "180+2"]
[Date "2023.01.31"]
[WhiteClock "0:00:03"]
[BlackClock "0:00:10"]

1. d4 Nf6 2. c4 e6 3. Nf3 d5 4. Nc3 Bb4 5. cxd5 exd5 6. Bg5 h6 7. Bh4 c5 8. dxc5 g5 9. Bg3 Qa5 10. Be5 Nbd7 11. Bd4 Bxc5 12. e3 Bxd4 13. Nxd4 Ne4 14. Nb5 Ndf6 15. Bd3 Nxc3 16. Nxc3 Be6 17. Bb5+ Kf8 18. Qd4 Kg7 19. O-O a6 20. Bd3 Rac8 21. f4 Qc5 22. Qe5 Qc7 23. Qd4 Qc5 24. fxg5 Qxd4 25. gxh6+ Rxh6 26. exd4 Rch8 27. h3 Bxh3 28. gxh3 Rxh3 29. Bf5 Rh2 30. Rae1 Rxb2 31. Rf2 Rh1+ 32. Kxh1 Rxf2 33. Bd3 Rd2 34. Re3 Ng4 35. Rg3 Kf8 36. Rxg4 Rxd3 37. Nxd5 Rd1+ 38. Kg2 Rd2+ 39. Kf3 Rxa2 40. Re4 a5 41. Re7 b5 42. Rb7 b4 43. Ne3 Rd2 44. d5 Rb2 45. d6 Rd2 0-1


[Site "https://www.chess.com"]

[Event "Titled Tuesday Blitz January 31 Late 2023"]
[White "CheckBits"]
[Black "Harish, Neeraj"]
[BlackFideId "30958130"]
[WhiteElo "2478"]
[BlackElo "2232"]
[Result "1-0"]
[Round "06"]
[TimeControl "180+2"]
[Date "2023.01.31"]
[WhiteClock "0:00:57"]
[BlackClock "0:00:07"]

1. e4 c5 2. Nf3 Nc6 3. Bb5 g6 4. O-O Bg7 5. Re1 e5 6. c3 Nge7 7. a4 O-O 8. Na3 d6 9. h3 f5 10. Bc4+ Kh8 11. d3 d5 12. exd5 Nxd5 13. Bb5 Nce7 14. Nxe5 Qc7 15. d4 cxd4 16. cxd4 a6 17. Bc4 Be6 18. Nxg6+ hxg6 19. Rxe6 Rf6 20. Qe2 Qd7 21. Rxf6 Nxf6 22. Bg5 Ne4 23. Be3 Nd5 24. Rd1 Rc8 25. Bb3 Qd6 26. Nc4 Qd7 27. Ne5 Qe6 28. Bxd5 Qxd5 29. Nxg6+ Kg8 30. Ne7+ 1-0


[Site "https://www.chess.com"]

[Event "Titled Tuesday Blitz January 31 Late 2023"]
[White "Figorito, Nick"]
[Black "Curtis, John"]
[WhiteFideId "30923689"]
[BlackFideId "3200256"]
[WhiteElo "2036"]
[BlackElo "2292"]
[Result "1/2-1/2"]
[Round "06"]
[TimeControl "180+2"]
[Date "2023.01.31"]
[WhiteClock "0:00:18"]
[BlackClock "0:01:06"]

1. Nf3 d5 2. g3 c6 3. Bg2 h6 4. O-O Bf5 5. c4 e6 6. Qb3 Qb6 7. d4 dxc4 8. Qxc4 Qb4 9. Qxb4 Bxb4 10. a3 Be7 11. Nc3 Nf6 12. Re1 Ne4 13. Nxe4 Bxe4 14. Ne5 Bxg2 15. Kxg2 Nd7 16. Nxd7 Kxd7 17. Bd2 Rhd8 18. Bc3 Ke8 19. d5 Rxd5 20. Bxg7 h5 21. Bc3 Rad8 22. e4 Rd3 23. h4 R8d7 24. Kf1 a6 25. Ke2 f5 26. exf5 exf5 27. Kf1 Kf7 28. Re5 R7d5 29. Rae1 Bxa3 30. bxa3 Rxc3 31. Re7+ Kf8 32. Rxb7 f4 33. Re6 f3 34. Rf6+ Ke8 35. Kg1 Rd7 36. Rb6 Rd1+ 37. Kh2 Rcc1 38. g4 Rh1+ 39. Kg3 Rhg1+ 40. Kxf3 hxg4+ 41. Kf4 Ke7 42. Rfxc6 Rxc6 43. Rxc6 a5 44. Rg6 Rg2 45. Rxg4 Rxf2+ 46. Kg5 Ke6 47. a4 Rf5+ 48. Kg6 Rf6+ 49. Kg7 Rf1 50. Rg6+ Ke7 51. Rg5 Rf4 52. Re5+ Kd6 53. Rxa5 Rxh4 54. Kg6 Kc6 55. Kg5 Re4 56. Ra8 Re1 57. Kf5 Kb7 58. Ra5 Kb6 59. Rb5+ Ka6 60. Re5 Rxe5+ 61. Kxe5 Ka5 62. Kd4 Kxa4 1/2-1/2


[Site "https://www.chess.com"]

[Event "Titled Tuesday Blitz January 31 Late 2023"]
[White "Zhou, Qiyu"]
[Black "Sanchez, Sebastian Felipe"]
[WhiteFideId "505161"]
[BlackFideId "4403304"]
[WhiteElo "2201"]
[BlackElo "2427"]
[Result "0-1"]
[Round "06"]
[TimeControl "180+2"]
[Date "2023.01.31"]
[WhiteClock "0:00:50"]
[BlackClock "0:00:43"]

1. e4 e6 2. d4 d5 3. Nc3 Nf6 4. Bg5 Bb4 5. e5 h6 6. Bh4 g5 7. Bg3 Ne4 8. Ne2 c5 9. a3 Bxc3+ 10. Nxc3 Qa5 11. Qd3 Nc6 12. dxc5 Bd7 13. O-O-O Nxc3 14. Qxc3 Qxc3 15. bxc3 Rc8 16. c4 dxc4 17. Bxc4 Na5 18. Bb3 Rxc5 19. Kb2 Bc6 20. f3 Nc4+ 21. Bxc4 Rxc4 22. h4 g4 23. Rd3 gxf3 24. gxf3 Rg8 25. Bf2 Rg2 26. Rf1 a6 27. Rd4 Rxf2 0-1


[Site "https://www.chess.com"]

[Event "Titled Tuesday Blitz January 31 Late 2023"]
[White "Toncheva, Nadya"]
[Black "Kalajzic, Ivan"]
[WhiteFideId "2924056"]
[BlackFideId "14506378"]
[WhiteElo "2295"]
[BlackElo "2062"]
[Result "1-0"]
[Round "06"]
[TimeControl "180+2"]
[Date "2023.01.31"]
[WhiteClock "0:00:04"]
[BlackClock "0:00:02"]

1. e4 Nc6 2. d4 d5 3. e5 f6 4. Bd3 g6 5. Nf3 Bg4 6. Bb5 Qd7 7. Nbd2 a6 8. Bxc6 Qxc6 9. c3 Bg7 10. h3 Bf5 11. Nb3 a5 12. Bf4 a4 13. Nc5 b6 14. Nd3 Be4 15. O-O e6 16. exf6 Nxf6 17. Nb4 Qb7 18. Ng5 Bf5 19. Re1 O-O 20. Nxe6 Bxe6 21. Rxe6 Rae8 22. Qe2 Ne4 23. Rxe8 Rxe8 24. Qb5 Rd8 25. Nc6 Rd7 26. Re1 Nf6 27. Ne7+ Kf7 28. Nc6 Ne4 29. f3 Nd6 30. Bxd6 Rxd6 31. Ne5+ Bxe5 32. Rxe5 Qc8 33. Qxa4 Qd7 34. Qxd7+ Rxd7 35. Kf2 c5 36. Ke3 c4 37. b3 b5 38. bxc4 bxc4 39. f4 Kf6 40. g4 h6 41. f5 gxf5 42. gxf5 h5 43. Kf4 Ra7 44. Rxd5 Ra3 45. Rd6+ Ke7 46. Rh6 Rxc3 47. Rxh5 Rc1 48. Ke5 c3 49. Rh7+ Kf8 50. Kf6 Kg8 51. Rc7 c2 52. Rc8+ Kh7 53. a4 Ra1 54. Rxc2 Rxa4 55. Rc6 Rxd4 56. Rc7+ Kh8 57. Kg6 Rd8 58. f6 Rg8+ 59. Kh6 Rf8 60. Rh7+ Kg8 61. Rg7+ Kh8 62. Rg6 1-0


[Site "https://www.chess.com"]